 Dungeon Crawl Stone Soup version 0.23.0 (webtiles) character file.

Game seed: 1054651126364941120

32 elfaar the Firebug (level 3, 0/26 HPs)
             Began as a Draconian Fire Elementalist on Feb 16, 2019.
             Succumbed to an adder's poison
             ... on level 1 of the Dungeon.
             The game lasted 00:09:19 (892 turns).

elfaar the Firebug (Draconian Fire Elementalist)     Turns: 892, Time: 00:09:19

Health: 0/26       AC:  5    Str:  8 (10) XL:     3   Next: 8%
Magic:  1/7        EV: 12    Int: 14 (16) God:
Gold:   25         SH:  0    Dex: 10 (11) Spells: 6/7 levels left

rFire    . . .     SeeInvis .   f - +0 dagger
rCold    . . .     Gourm    .   (no shield)
rNeg     . . .     Faith    .   (armour unavailable)
rPois    .         Spirit   .   (helmet restricted)
rElec    .         Reflect  .   (no cloak)
rCorr    .         Harm     .   (no gloves)
MR       .....                  (no boots)
Stlth    ++........             (no amulet)
HPRegen  0.08/turn              (no ring)
MPRegen  0.10/turn              (no ring)

@: lethally poisoned (0 -> -5)
A: unfitting armour, cold-blooded, AC +5
a: no special abilities


You were on level 1 of the Dungeon.
You were not hungry.

You visited 1 branch of the dungeon, and saw 2 of its levels.

You collected 25 gold pieces.

Inventory:

Hand Weapons
 f - a +0 dagger (weapon)
Missiles
 d - 27 bolts
 e - 43 sling bullets
Armour
 a - a +0 buckler
 c - a +0 robe
Wands
 j - a wand of flame (24)
Scrolls
 g - 2 scrolls of teleportation
 i - a scroll of amnesia
Comestibles
 b - 2 rations
 h - 2 chunks of flesh


   Skills:
 + Level 1.8 Dodging
 + Level 1.8 Stealth
 + Level 2.7 Spellcasting
 + Level 1.0 Conjurations
 + Level 3.5 Fire Magic


You had 6 spell levels left.
You knew the following spells:

 Your Spells              Type           Power        Failure   Level  Hunger
a - Flame Tongue          Conj/Fire      #....        9%          1    #......

Your spell library contained the following spells:

 Spells                   Type           Power        Failure   Level  Hunger
 Throw Flame              Conj/Fire      #.....       13%         2    ###....
 Conjure Flame            Conj/Fire      #.......     26%         3    ###....
 Inner Flame              Hex/Fire       #.......     32%         3    ###....
 Sticky Flame             Conj/Fire      #.......     65%         4    #####..
 Fireball                 Conj/Fire      #.........   94%         5    ######.


Dungeon Overview and Level Annotations

Branches:
Dungeon (2/15)

Altars:


Innate Abilities, Weirdness & Mutations

Your plain brown scales are hard. (AC +5)
You cannot fit into any form of body armour.
You are cold-blooded and may be slowed by cold attacks.


Message History

You hit the adder.
The adder is almost dead.
* * * LOW HITPOINT WARNING * * *
You feel sick. The adder closely misses you.
You hit the adder.
You kill the adder!
You feel your strength returning.
You have reached level 3!
Your experience leads to an increase in your attributes!
Your base attributes are Str 10, Int 15, Dex 11.
Increase (S)trength, (I)ntelligence, or (D)exterity?
You feel clever.
Your scales feel tougher.
There is a lethal amount of poison in your body!
* * * LOW HITPOINT WARNING * * *
You feel sick.
You aren't carrying any potions.
Okay, then.
You are not religious.
There is a lethal amount of poison in your body!
You die...

#.###########.####.....###.####
###.#######........#..#..###.#...
#................................
.......).........................
#.#.##############..#..........#.
.............#####.......#.#.#.#.
#.#.................##...#.#.#...
#.##############.................
................@................
#.##############.#...........#...
..# #.##.##.......#.#. ..#
#.##.##.#.....#.#. ..#
#.##.##.#.....#.#. ###
#..[.............. #######
#(##............#. ......#
#.#.......#.#.#.#.
####..##########.#.####......#...


There were no monsters in sight!

Vanquished Creatures
  2 adders
  2 bats (D:1)
  A giant cockroach (D:1)
  3 goblins
  A hobgoblin (D:2)
  A quokka (D:2)
  A frilled lizard (D:1)
  A kobold (D:1)
  3 rats (D:1)
15 creatures vanquished.

Notes
Turn   | Place    | Note
-------+----------+-------------------------------------------
     0 | D:1      | elfaar the Draconian Fire Elementalist began the quest for
                  | the Orb.
     0 | D:1      | Reached XP level 1. HP: 14/14 MP: 3/3
   294 | D:1      | Reached XP level 2. HP: 20/20 MP: 1/5
   888 | D:1      | HP: 1/20 [poisoned by an adder]
   889 | D:1      | Reached XP level 3. HP: 2/26 MP: 1/7
   892 | D:1      | Succumbed to an adder's poison

Action                   || total
-------------------------++-------
Melee: Unarmed           ||     2
       Tailslap          ||     1
       Dagger            ||    11
 Cast: Flame Tongue      ||    22
  Use: Potion            ||     2
       Scroll            ||     4
Armor: Skin              ||     2
Dodge: Dodged            ||    16
